 Dungeon Sprint DCSS version 0.30.1-9-gdf580d7c3d (webtiles) character file.

Game seed: 10683924628786911778

426 Heoruswealwe the Spear-Bearer (level 6, -2/64 HPs)
             Began as a Minotaur Fighter on Oct 5, 2023.
             Slain by a troll (6 damage)
             ... in the Dungeon (Sprint IX: "|||||||||||||||||||||||||||||").
             The game lasted 00:01:09 (110 turns).

Heoruswealwe the Spear-Bearer (Minotaur Fighter)     Turns: 110, Time: 00:01:10

Health: -2/64      AC:  8    Str: 22    XL:     6   Next: 64%
Magic:  5/5        EV:  9    Int:  5    God:
Gold:   0          SH:  4    Dex: 10    Spells: 5/5 levels left

rFire   . . .        a - +0 trident
rCold   . . .        d - +0 buckler
rNeg    . . .        c - +0 scale mail
rPois   .            (helmet restricted)
rElec   .            (no cloak)
rCorr   .            (no gloves)
SInv    .            (no boots)
Will    .....        (no amulet) Stlth
                     (no ring)
HPRegen 0.30/turn    (no ring)
MPRegen 0.09/turn

%: no teleportation
@: no status effects
A: horns 2, retaliatory headbutt
a: no special abilities


You were in the Dungeon.
You visited 1 branch

Inventory:

Hand Weapons
 a - a +0 trident (weapon)
Armour
 c - a +0 scale mail (worn)
 d - a +0 buckler (worn)
Jewellery
 m - a +3 ring of strength
 n - a +3 ring of intelligence
Wands
 l - a wand of iceblast (10)
Scrolls
 j - 2 scrolls of blinking
 k - 2 scrolls of amnesia
Potions
 b - a potion of might
 e - 5 potions of curing
 f - 3 potions of heal wounds
 g - a potion of haste
 h - a potion of invisibility
 i - a potion of berserk rage


   Skills:
 + Level 9.4 Fighting
 * Level 12.3 Polearms
 + Level 9.3 Armour
 - Level 3.6 Shields


You had 5 spell levels left.
You didn't know any spells.
Your spell library was empty.

Dungeon Overview and Level Annotations

Branches:
Dungeon (1/1)

Altars:
Cheibriados
Dithmenos
Elyvilon
Fedhas
Gozag
Hepliaklqana
Kikubaaqudgha
Makhleb
Nemelex Xobeh
Okawaru
Qazlal
Ru
Sif Muna
Trog
Uskayaw
Vehumet
Wu Jian
Xom
Yredelemnul
Zin
The Shining One
Jiyva
Lugonu


Innate Abilities, Weirdness & Mutations

You have a pair of horns on your head.
You reflexively headbutt those who attack you in melee.


Message History

You closely miss the yak. You headbutt the yak, but do no damage.
The yak is moderately wounded.
The yak gores you!
You hit the yak.
The yak is heavily wounded.
The yak gores you!
You puncture the yak! Your headbutt misses the yak.
The yak is almost dead.
You hit the yak.
You kill the yak!
Your Fighting skill increases to level 9!
Your Polearms skill increases to level 12!
Your Armour skill increases to level 9!
You hit the troll. You headbutt the troll.
The troll is lightly wounded.
The troll bites you. You block the troll's attack. The troll claws you.
The kobold demonologist mumbles some strange words.
You hit the troll but do no damage.
The troll is lightly wounded.
The troll bites you but does no damage. The troll claws you!
* * * LOW HITPOINT WARNING * * *
The troll barely misses you.
You closely miss the troll. You barely miss the troll. The troll bites you.
* * * LOW HITPOINT WARNING * * *
The troll claws you!
* * * LOW HITPOINT WARNING * * *
You block the troll's attack.
You puncture the troll!
The troll is moderately wounded.
The troll bites you but does no damage. The troll closely misses you.
The troll barely misses you.
You puncture the troll!
You headbutt the troll, but do no damage.
The troll is heavily wounded.
You closely miss the troll.
The troll is heavily wounded.
The kobold demonologist casts a cantrip, but nothing happens.
The troll bites you.
You die...

▓!▓
▓.▓
▓)▓
▓.▓
▓[▓
▓[▓
▓[▓
▓.▓
▓@▓
▓T▓
▓{▓
▓K▓
▓c▓
▓3▓
▓.▓
▓.▓


You could see a kobold demonologist, a troll, a smoke demon (summoned) and a
centaur.

Vanquished Creatures
  A yak (D)
  A vampire mosquito (D)
  A phantom (D)
  2 hounds (D)
  An iguana (D)
  An orc (D)
  2 endoplasms (D)
  A quokka (D)
  2 bats (D)
12 creatures vanquished.

Notes
Turn   | Place    | Note
-------+----------+-------------------------------------------
     0 | D        | Heoruswealwe the Minotaur Fighter began the quest for the
                  | Orb.
     0 | D        | Reached XP level 1. HP: 19/19 MP: 0/0
    13 | D        | Reached skill level 3 in Polearms
    28 | D        | Noticed a hound
    28 | D        | Noticed a hound
    28 | D        | Noticed an iguana
    28 | D        | Noticed a phantom
    32 | D        | Killed a hound
    33 | D        | Reached skill level 5 in Fighting
    33 | D        | Reached skill level 5 in Polearms
    33 | D        | Reached skill level 5 in Armour
    33 | D        | Reached XP level 2. HP: 28/29 MP: 1/1
    33 | D        | Reached XP level 3. HP: 34/36 MP: 2/2
    36 | D        | Reached skill level 7 in Polearms
    37 | D        | Reached XP level 4. HP: 43/44 MP: 3/3
    44 | D        | Killed a phantom
    45 | D        | Reached skill level 9 in Polearms
    45 | D        | Reached XP level 5. HP: 51/52 MP: 4/4
    50 | D        | Found a snail-covered altar of Cheibriados.
    50 | D        | Found a shadowy altar of Dithmenos.
    50 | D        | Found a white marble altar of Elyvilon.
    50 | D        | Found a blossoming altar of Fedhas.
    50 | D        | Found an opulent altar of Gozag.
    51 | D        | Found a hazy altar of Hepliaklqana.
    52 | D        | Found a viscous altar of Jiyva.
    53 | D        | Found an ancient bone altar of Kikubaaqudgha.
    54 | D        | Found a corrupted altar of Lugonu.
    55 | D        | Found a burning altar of Makhleb.
    56 | D        | Found a sparkling altar of Nemelex Xobeh.
    57 | D        | Found an iron altar of Okawaru.
    58 | D        | Found a stormy altar of Qazlal.
    59 | D        | Found a sacrificial altar of Ru.
    60 | D        | Found a shimmering blue altar of Sif Muna.
    61 | D        | Found a bloodstained altar of Trog.
    62 | D        | Found a hide-covered altar of Uskayaw.
    63 | D        | Found a radiant altar of Vehumet.
    64 | D        | Found an ornate altar of the Wu Jian Council.
    65 | D        | Found a shimmering altar of Xom.
    66 | D        | Found a basalt altar of Yredelemnul.
    67 | D        | Found a glowing silver altar of Zin.
    68 | D        | Found a glowing golden altar of the Shining One.
    92 | D        | Noticed a vampire mosquito
    92 | D        | Noticed a yak
    92 | D        | Noticed a troll
    92 | D        | Noticed a kobold demonologist
    92 | D        | Noticed a centaur
    97 | D        | Killed a vampire mosquito
    98 | D        | Reached skill level 11 in Polearms
    98 | D        | Reached XP level 6. HP: 49/62 MP: 5/5
   103 | D        | Killed a yak
   104 | D        | Reached skill level 12 in Polearms
   105 | D        | Noticed a smoke demon
   107 | D        | HP: 3/64 [troll (7)]
   110 | D        | Slain by a troll

Illustrated notes

Levels and vault maps discovered:
D:        linesprint [early_d, line_temple, items_1, d_10, items_2, lair_1,
          lair_end, items_3, orc_1, orc_end, items_4, d_15, swamp_1, shoals_1,
          snake_1, spider_1, d_20, vaults_1, items_5, swamp_end, shoals_end,
          snake_end, spider_end, vaults_end, d_27, items_6, zot_1, zot_end,
          crypt_end, forest_end, elf_end, slime_end, tomb_end, abyss_end,
          pan_hell_end]

Skill      XL: |  1  2  3  4  5  6 |
---------------+-------------------+-----
Polearms       | 5 7 9 11 12 | 12.3
Fighting       | 5 7 8 9 |  9.4
Armour         | 5 7 8 9 |  9.3
Shields        | |  3.6

Action                     |  1- 3 |  4- 6 || total
---------------------------+-------+-------++-------
  Melee: Trident           |    22 |    25 ||    47
         Headbutt          |     2 |     9 ||    11
 Armour: Scale mail        |    11 |     7 ||    18
  Dodge: Dodged            |     9 |     7 ||    16
  Block: Buckler           |     5 |     3 ||     8
